Map: Cosmic Sapphire

Players

Silky

  • Race: Zerg Zerg
  • Spawn Location: 5:00

Gerald - Winner!

  • Race: Protoss Protoss
  • Spawn Location: 11:00

Event: DreamHack SC2 Masters 2022 Atlanta (Offline)

VOD

Have the link to the VOD?

Description

Time

  • Played on: Nov. 18, 2022, 1:42 p.m.
  • Length: 17:29

All games in this series

Show
View Real Time Build Order
Export as new Build Order

Silky Zerg 

Build Orders: Hatch First 

Get SALT Encoding   

  12  0:01  Drone  
  13  0:12  Overlord  
  13  0:16  Drone  
  14  0:30  Drone  
  14  0:32  Drone  
  16  0:44  Drone  
  17  0:51  Hatchery  
  17  0:54  Drone  
  17  0:57  Drone  
  18  1:08  Extractor  
  17  1:13  Spawning Pool  
  17  1:16  Drone  
  17  1:20  Drone  
  18  1:28  Drone  
  19  1:38  Drone  
  20  1:49  Overlord  
  20  2:00  Queen  
  22  2:02  Queen  
  22  2:03  Zergling x4  
  26  2:11  Drone  
  26  2:13  Drone  
  26  2:14  Metabolic Boost  
  28  2:22  Drone  
  29  2:31  Drone  
  29  2:32  Drone  
  31  2:42  Drone, Hatchery  
  31  2:47  Overlord  
  31  2:50  Queen  
  33  2:55  Drone  
  34  3:00  Drone x2  
  34  3:05  Queen  
  38  3:07  Zergling x2  
  38  3:09  Zergling x2  
  40  3:15  Spore Crawler  
  40  3:16  Drone x2  
  40  3:19  Drone  
  40  3:24  Drone x2  
  42  3:27  Queen  
  42  3:33  Spore Crawler  
  43  3:35  Drone  
  43  3:39  Overlord  
  43  3:41  Overlord  
  44  3:48  Overlord  
  44  3:54  Overlord, Evolution Chamber  
  43  3:57  Queen  
  43  3:59  Drone  
  43  4:01  Drone  
  47  4:03  Drone  
  48  4:10  Drone x2  
  48  4:12  Drone x2  
  48  4:13  Drone  
  53  4:22  Drone x4  
  53  4:23  Drone  
  54  4:26  Drone  
  54  4:30  Zerg Melee Weapons Level 1  
  55  4:32  Drone  
  55  4:33  Drone  
  55  4:35  Drone  
  58  4:39  Spore Crawler  
  58  4:42  Drone x2  
  58  4:43  Drone  
  60  4:46  Drone x2  
  60  4:50  Drone x3  
  65  4:54  Drone x3  
  65  4:59  Zergling x4  
  70  5:03  Roach Warren, Extractor  
  68  5:07  Queen, Drone  
  68  5:13  Zergling x4  
  71  5:22  Drone x2  
  71  5:24  Lair  
  71  5:26  Overlord  
  73  5:29  Hatchery  
  73  5:35  Overlord  
  72  5:39  Overlord  
  72  5:41  Overlord  
  72  5:42  Drone  
  73  5:45  Drone x6  
  79  5:54  Drone x3  
  79  5:55  Drone x2  
  82  6:02  Drone x3  
  82  6:03  Drone x2, Extractor  
  86  6:04  Extractor  
  86  6:05  Zergling x2  
  86  6:09  Zergling x4  
  88  6:16  Queen  
  88  6:17  Zergling x2  
  88  6:18  Zergling x4  
  93  6:22  Zergling x4  
  94  6:25  Zerg Melee Weapons Level 2  
  94  6:26  Glial Reconstitution  
  94  6:28  Zergling x2  
  94  6:29  Zergling x10  
  94  6:32  Zergling x2, Hatchery  
  100  6:42  Zergling x8  
  104  6:52  Zergling x2  
  104  6:53  Zergling x16  
  111  6:55  Overlord  
  111  6:56  Overlord  
  111  7:00  Zergling x2  
  111  7:01  Zergling x4  
  101  7:04  Queen  
  101  7:06  Zergling x4  
  102  7:11  Zergling x4, Baneling Nest  
  102  7:12  Queen  
  102  7:13  Zergling x2  
  102  7:14  Spore Crawler  
  105  7:17  Zergling x2  
  105  7:21  Roach x4  
  105  7:22  Roach x3  
  120  7:24  Roach x2  
  120  7:28  Roach  
  126  7:32  Overlord  
  126  7:34  Roach  
  126  7:36  Overlord x2  
  126  7:46  Overlord  
  126  7:47  Ravager x4  
  126  7:48  Ravager x4  
  126  7:50  Overlord  
  134  7:52  Drone x8  
  134  7:56  Roach x3  
  134  7:57  Roach x2  
  146  7:59  Zergling x2  
  146  8:04  Zergling x6  
  149  8:07  Zergling x4  
  149  8:08  Queen  
  153  8:14  Zergling x2  
  153  8:15  Zergling x8  
  153  8:17  Baneling x7  
  153  8:19  Baneling x6  
  158  8:24  Zergling x12  
  156  8:30  Zergling x10  
  156  8:33  Zergling x10  
  149  8:42  Infestation Pit, Drone x2  
  149  8:43  Drone x3  
  149  8:44  Extractor  
  149  8:47  Centrifugal Hooks  
  143  8:58  Zergling x14  
  149  9:07  Zerg Missile Weapons Level 1  
  149  9:08  Drone x5  
  154  9:12  Extractor  
  154  9:13  Baneling x4  
  154  9:16  Drone x7  
  159  9:17  Baneling  
  159  9:18  Baneling x4  
  159  9:23  Zergling x2  
  159  9:24  Zergling x6  
  156  9:31  Zergling x6  
  158  9:35  Hive  
  158  9:38  Spore Crawler  
  157  9:42  Zergling x8  
  159  9:48  Hatchery  
  159  9:50  Roach x5  
  168  9:52  Hatchery  
  168  9:53  Drone  
  168  9:57  Spine Crawler x2  
  168  9:59  Spine Crawler  
  162  10:00  Overlord x2  
  161  10:07  Baneling x3  
  161  10:12  Hatchery  
  160  10:18  Drone  
  160  10:19  Drone, Spine Crawler  
  160  10:21  Zergling x18  
  171  10:27  Roach x2  
  173  10:39  Baneling  
  173  10:40  Zergling x12  
  177  10:49  Zergling x2  
  164  10:50  Zergling x10  
  164  10:53  Zergling x2  
  144  10:59  Adrenal Glands  
  144  11:01  Zergling x2  
  144  11:02  Zergling x4  
  140  11:04  Ultralisk Cavern  
  140  11:05  Ravager x6  
  140  11:06  Drone x2, Ravager x4  
  151  11:11  Drone  
  151  11:12  Drone x2  
  151  11:14  Zergling x4, Extractor  
  151  11:15  Extractor  
  151  11:18  Zergling x6  
  157  11:22  Hatchery  
  155  11:26  Zerg Melee Weapons Level 3  
  155  11:30  Zergling x2  
  155  11:31  Zergling x8  
  155  11:36  Queen  
  156  11:40  Drone x3  
  156  11:46  Zergling x8  
  162  11:49  Zergling x2  
  162  11:51  Queen  
  165  11:54  Zergling x6  
  168  12:07  Chitinous Plating  
  174  12:08  Ultralisk  
  174  12:09  Overlord x2  
  174  12:10  Pathogen Glands, Hatchery  
  169  12:23  Overlord x2  
  169  12:25  Ultralisk  
  172  12:38  Zergling x8, Ultralisk x2  
  172  12:39  Zergling x8  
  187  12:57  Zergling x6  
  187  12:58  Zergling x14  
  171  13:11  Ultralisk x5  
  171  13:12  Infestor  
  173  13:26  Anabolic Synthesis  
  170  13:33  Hatchery  
  162  13:34  Zergling x2  
  162  13:35  Zergling x20  
  160  13:51  Hatchery  
  156  13:55  Zergling x2  
  156  13:56  Zergling x6  
  160  14:10  Ultralisk  
  158  14:19  Zergling x16  
  153  14:29  Zergling x4  
  148  14:38  Zergling x2, Ultralisk  
  146  14:39  Zergling x4  
  146  14:51  Hatchery  
  141  15:00  Overseer  
  141  15:03  Drone x5  
  144  15:09  Zergling x2  
  144  15:10  Zergling x4  
  144  15:22  Infestor x2  
  144  15:28  Zerg Ground Armor Level 1  
  148  15:31  Zergling x6  
  147  15:45  Zergling x2  
  147  15:46  Zergling x12  
  141  15:52  Zergling x6  
  126  16:04  Ultralisk  
  126  16:06  Zergling x2  
  129  16:17  Zergling x12  
  129  16:33  Hatchery  
  129  16:38  Zergling x6  
  122  16:51  Zergling x8  
  122  16:52  Zergling x2  
  127  17:03  Zergling x2  
  127  17:04  Zergling x8  
Show
View Real Time Build Order
Export as new Build Order

Gerald Protoss - Winner!

Build Orders: 1 Gate Expand, Oracle Opening 

Get SALT Encoding   

  12  0:00  Probe  
  13  0:12  Probe  
  14  0:19  Pylon  
  14  0:24  Probe  
  15  0:37  Probe (Chrono Boost)  
  15  0:40  Gateway  
  16  0:47  Probe (Chrono Boost)  
  17  0:50  Assimilator  
  17  0:52  Probe (Chrono Boost)  
  18  1:04  Probe  
  19  1:16  Probe  
  20  1:26  Nexus  
  20  1:28  Probe  
  21  1:40  Cybernetics Core  
  21  1:45  Probe  
  22  1:48  Assimilator  
  22  1:55  Pylon  
  22  1:58  Probe  
  23  2:13  Probe  
  23  2:15  Adept (Chrono Boost)  
  26  2:25  Stargate, Probe  
  27  2:33  Warp Gate  
  27  2:37  Adept (Chrono Boost), Probe x2  
  31  2:50  Probe x2  
  33  3:00  Stalker  
  33  3:02  Probe x2  
  37  3:14  Probe x2  
  37  3:17  Oracle (Chrono Boost)  
  42  3:26  Probe x2  
  44  3:29  Gateway, Pylon  
  44  3:38  Probe  
  46  3:42  Pylon  
  46  3:46  Oracle (Chrono Boost)  
  48  3:48  Probe  
  48  3:52  Nexus  
  49  3:58  Probe  
  49  4:00  Probe  
  51  4:03  Assimilator  
  51  4:05  Twilight Council  
  51  4:10  Probe  
  51  4:12  Probe  
  53  4:22  Probe  
  54  4:25  Probe  
  54  4:28  Adept x2  
  59  4:31  Pylon  
  59  4:32  Forge  
  59  4:34  Probe  
  59  4:37  Probe, Blink (Chrono Boost)  
  61  4:47  Probe  
  61  4:49  Probe  
  61  4:52  Gateway, Pylon  
  63  4:54  Gateway  
  63  4:56  Protoss Ground Weapons Level 1  
  63  4:59  Probe  
  64  5:01  Probe  
  64  5:06  Probe  
  66  5:10  Stalker x2  
  66  5:11  Probe  
  66  5:12  Gateway  
  66  5:13  Probe  
  72  5:23  Probe, Gateway  
  72  5:25  Gateway  
  72  5:26  Probe x2  
  75  5:35  Gateway, Probe  
  76  5:36  Pylon  
  76  5:38  Probe  
  76  5:39  Probe  
  76  5:42  Stalker  
  80  5:53  Probe  
  80  5:54  Probe, Stalker  
  80  5:55  Stalker x2  
  80  5:59  Probe  
  80  6:02  Assimilator  
  80  6:04  Pylon  
  81  6:05  Probe  
  81  6:06  Stalker  
  84  6:11  Pylon  
  84  6:13  Charge (Chrono Boost)  
  84  6:18  Nexus  
  84  6:19  Stalker x2  
  88  6:30  Stalker x2  
  88  6:31  Stalker x2  
  96  6:37  Stalker x2  
  96  6:38  Probe  
  101  6:44  Probe x2  
  103  6:50  Probe  
  102  7:05  Stalker x5  
  102  7:07  Pylon  
  102  7:08  Probe  
  113  7:10  Pylon  
  113  7:12  Gateway x2  
  113  7:13  Protoss Ground Weapons Level 2 (Chrono Boost)  
  113  7:17  Probe  
  113  7:19  Pylon  
  113  7:21  Probe  
  115  7:26  Probe  
  115  7:29  Probe, Stalker  
  119  7:30  Stalker  
  119  7:33  Probe  
  122  7:37  Zealot  
  122  7:38  Zealot x5  
  134  7:45  Probe x2  
  134  7:47  Shield Battery  
  134  7:51  Pylon  
  136  7:56  Zealot x2  
  140  7:58  Shield Battery  
  140  8:00  Zealot x6  
  140  8:01  Probe  
  153  8:06  Probe  
  153  8:08  Templar Archives  
  154  8:13  Zealot x2  
  154  8:18  Probe x2, Pylon  
  160  8:21  Assimilator  
  160  8:23  Assimilator  
  153  8:32  Probe  
  140  8:34  Zealot x5  
  140  8:35  Zealot x5, Probe  
  151  8:41  Probe  
  151  8:48  Gateway  
  132  8:51  Probe (Chrono Boost)  
  128  8:57  Stalker x7  
  128  8:58  Stalker  
  128  9:01  Probe (Chrono Boost)  
  139  9:05  Probe (Chrono Boost)  
  139  9:07  Probe (Chrono Boost)  
  139  9:09  Probe x2 (Chrono Boost)  
  141  9:12  Probe (Chrono Boost)  
  141  9:14  Probe (Chrono Boost)  
  141  9:16  Zealot x2  
  147  9:22  Protoss Ground Weapons Level 3 (Chrono Boost), Psionic Storm  
  143  9:32  Probe  
  143  9:35  Zealot x2  
  143  9:36  Zealot x4  
  156  9:41  Zealot x2  
  156  9:44  Stalker  
  147  9:46  Stalker  
  147  9:48  Probe  
  150  9:59  Probe (Chrono Boost)  
  150  10:03  Probe (Chrono Boost)  
  150  10:04  Probe (Chrono Boost)  
  153  10:09  Probe (Chrono Boost)  
  153  10:10  Zealot x2, High Templar x4  
  153  10:11  Zealot x3, Probe (Chrono Boost)  
  164  10:29  Stalker  
  164  10:32  Stalker x3  
  172  10:49  Archon x2  
  162  10:51  Stalker x5  
  162  10:52  Stalker  
  130  11:05  Probe x2 (Chrono Boost)  
  130  11:08  Probe (Chrono Boost)  
  130  11:09  Oracle  
  130  11:10  Zealot x3  
  130  11:11  Zealot  
  143  11:17  Zealot, Probe x2 (Chrono Boost)  
  143  11:18  Zealot  
  151  11:19  Zealot x4  
  151  11:21  Probe (Chrono Boost)  
  151  11:22  Probe (Chrono Boost)  
  151  11:24  Probe (Chrono Boost)  
  151  11:25  Probe (Chrono Boost)  
  159  11:27  Probe  
  159  11:29  Probe  
  159  11:32  Shield Battery  
  161  11:36  High Templar  
  161  11:37  Probe, High Templar  
  166  11:42  Probe  
  168  11:47  Zealot x2  
  168  11:51  Pylon  
  168  11:53  Pylon  
  171  12:00  Nexus  
  171  12:02  Pylon  
  171  12:06  Photon Cannon  
  171  12:10  Pylon  
  171  12:11  Protoss Shields Level 1  
  169  12:17  Fleet Beacon  
  169  12:19  Stargate  
  169  12:22  Zealot x2  
  171  12:23  Zealot x6  
  185  12:34  Zealot x2  
  187  12:44  Zealot  
  187  12:45  Zealot x5  
  193  12:52  Zealot x2  
  185  13:01  Zealot x2  
  147  13:15  Zealot x6  
  147  13:16  Zealot x2  
  147  13:17  Probe  
  160  13:21  Probe  
  160  13:23  Nexus  
  160  13:24  Pylon x2  
  139  13:51  Archon, Probe  
  139  13:52  Stalker x5  
  139  13:53  Stalker x5  
  140  13:57  Shield Battery  
  140  14:04  Probe x3  
  139  14:20  High Templar x2  
  139  14:21  Zealot, High Templar x2  
  139  14:22  Zealot x5  
  157  14:28  Probe  
  157  14:29  Shield Battery  
  157  14:30  Probe  
  157  14:31  Carrier (Chrono Boost), Archon, Photon Cannon  
  153  14:32  Unknown  
  153  14:35  Protoss Shields Level 2  
  153  14:42  Carrier (Chrono Boost)  
  155  14:46  Photon Cannon  
  155  15:00  Assimilator  
  155  15:05  Assimilator  
  155  15:08  Pylon  
  155  15:10  Photon Cannon  
  155  15:17  Stalker x7  
  155  15:18  Stalker x2  
  173  15:27  Carrier (Chrono Boost)  
  179  15:42  Archon  
  142  15:54  Carrier (Chrono Boost)  
  142  15:56  Zealot  
  142  15:57  Zealot x9  
  147  16:21  High Templar x4  
  147  16:22  Stalker x3  
  161  16:26  Carrier (Chrono Boost)  
  141  16:50  High Templar  
  141  16:51  Zealot x4, High Templar  
  149  16:55  Archon  
  149  17:02  Zealot x4  
  153  17:14  Archon  
  153  17:15  Archon  
  147  17:16  Zealot x4  
Tags
 
Add a new tag
Caveats
  • Supply blocks, unpowered buildings, or Contaminate may cause inaccurate times.
  • Supply counts are checked every 10 seconds.